 Dungeon Crawl Stone Soup version 0.29.0-15-g675c0067aa (webtiles) character file.

Game seed: 8334356305901641393

20 Flugkiller the Firebug (level 3, -6/19 HPs)
             Began as a Kobold Fire Elementalist on Sept 11, 2022.
             Mangled by a gnoll
             ... wielding a +0 whip
              (9 damage)
             ... on level 2 of the Dungeon.
             The game lasted 00:00:45 (1279 turns).

Flugkiller the Firebug (Kobold Fire Elementalist)   Turns: 1279, Time: 00:00:46

Health: -6/19      AC:  2    Str:  5    XL:     3   Next: 0%
Magic:  0/6        EV: 15    Int: 18    God:
Gold:   57         SH:  0    Dex: 15    Spells: 4/7 levels left

rFire   . . .      SeeInvis .   c - +0 dagger
rCold   . . .      Faith    .   (no shield)
rNeg    . . .      Spirit   .   a - +0 robe
rPois   .          Reflect  .   (no helmet)
rElec   .          Harm     .   (no cloak)
rCorr   .          Rampage  .   (no gloves)
Will    .....                   (no boots)
Stlth   +++.......              (no amulet)
HPRegen 0.06/turn               (no ring)
MPRegen 0.10/turn               (no ring)

@: no status effects
A: small, no large weapons, nightstalker 3
a: no special abilities


You were on level 2 of the Dungeon.
You visited 1 branch of the dungeon, and saw 2 of its levels.

You collected 57 gold pieces.

Inventory:

Hand Weapons
 c - a +0 dagger (weapon)
   (You took it off a kobold on level 1 of the Dungeon)
Armour
 a - a +0 robe (worn)
Scrolls
 d - 2 scrolls of immolation
 i - 2 scrolls of identify {unknown}
 k - a scroll of magic mapping {unknown}
 l - a scroll of poison {unknown}
Potions
 b - a potion of magic
 e - 2 potions of curing {unknown}
 f - a potion of lignification {unknown}
 g - 2 potions of flight {unknown}
 h - 3 potions of haste {unknown}
 j - a potion of ambrosia {unknown}
 m - a potion of might {unknown}


   Skills:
 - Level 2.4 Dodging
 - Level 2.6 Stealth
 + Level 2.6 Spellcasting
 + Level 1.6 Conjurations
 + Level 3.3 Fire Magic


You had 4 spell levels left.
You knew the following spells:

 Your Spells              Type           Power      Damage    Failure   Level
a - Foxfire               Conj/Fire      44%        2x1d6     6%          1
b - Scorch                Fire           28%        2d6       6%          2

Your spell library contained the following spells:

 Spells                   Type           Power      Damage    Failure   Level
 Conjure Flame            Conj/Fire      11%        6-21      19%         3
 Inner Flame              Hex/Fire       8%         N/A       26%         3
 Flame Wave               Conj/Fire      11%        2d6       52%         4


Dungeon Overview and Level Annotations

Branches:
Dungeon (2/15)

Altars:


Innate Abilities, Weirdness & Mutations

You are small and have problems with some larger weapons.
You are completely attuned to the shadows.


Message History

There is a stone staircase leading down here.
You climb downwards.
Found a scroll labelled NYNUCSOSIA.
There is a stone staircase leading up here.
i - 2 scrolls labelled NYNUCSOSIA (gained 1)
l - a scroll labelled UNIOPT GENANK
d - 2 scrolls labelled ESKOINN VYSCH (gained 1)
Found a leather armour.
Found a stone staircase leading down.
A hobgoblin comes into view.
A hobgoblin is nearby!
You conjure some foxfire!
You miscast Foxfire.
You are very lightly contaminated with residual magic.
Nothing appears to happen.
The foxfire hits the hobgoblin.
The hobgoblin is severely wounded.
The hobgoblin shouts!
The foxfire hits the hobgoblin.
The hobgoblin is almost dead.
You conjure some foxfire!
You conjure some foxfire!
The foxfire hits the hobgoblin.
You kill the hobgoblin!
Your foxfire dissipates!
Your foxfire dissipates! x2
You start resting.
Your magical contamination has completely faded away.
Memorise Scorch, consuming 2 spell levels and leaving 2?
You start memorising the spell.
You continue memorising. x2
You finish memorising.
Spell assigned to 'b'.
You start resting.
Magic restored.
d - 3 scrolls labelled ESKOINN VYSCH (gained 1)
Found a short sword.
You now have 57 gold pieces (gained 7).
g - 2 viscous sapphire potions (gained 1)
m - a blue potion An endoplasm comes into view.
An endoplasm is nearby!
You conjure some foxfire!
The endoplasm quivers.
You conjure some foxfire!
The endoplasm freezes you.
You are frozen.
You hit the endoplasm.
The endoplasm is heavily wounded.
The foxfire hits the endoplasm.
The endoplasm is almost dead.
The foxfire hits the endoplasm.
You kill the endoplasm!
A gnoll comes into view. It is wielding a +0 whip.
The gnoll shouts!
The foxfire hits the gnoll but does no damage.
A gnoll is nearby!
You conjure some foxfire!
A gnoll comes into view. It is wielding a +0 whip.
A gnoll comes into view. It is wielding a +0 flail.
You conjure some foxfire!
The gnoll shouts!
You conjure some foxfire!
The foxfire hits the gnoll.
The gnoll is lightly wounded.
The foxfire hits the gnoll.
The gnoll is heavily wounded.
The foxfire hits the gnoll.
The gnoll is severely wounded.
The foxfire hits the gnoll.
The gnoll is almost dead.
The gnoll misses you.
A gnoll comes into view. It is wielding a +0 club.
The gnoll attacks as you move away! The gnoll hits you with a +0 whip!
Ouch! That really hurt!
The foxfire hits the gnoll.
You kill the gnoll!
The foxfire hits the gnoll.
The gnoll is moderately wounded.
You have reached level 3!
Your experience leads to an increase in your attributes!
Increase (s)trength, (i)ntelligence, or (d)exterity?
You feel clever. x2
Unknown command.
You conjure some foxfire!
The gnoll closely misses you.
Your foxfire dissipates!
The foxfire hits the gnoll.
The gnoll is moderately wounded.
The gnoll attacks as you move away! The gnoll hits you with a +0 whip!
* * * LOW HITPOINT WARNING * * *
You are too injured to fight recklessly!
You are too injured to fight recklessly!
You are too injured to fight recklessly!
You are too injured to fight recklessly!
You are too injured to fight recklessly!
You are too injured to fight recklessly!
Casting: Foxfire (safe; 6% risk of failure)
Confirm with . or Enter, or press ? or * to list all spells.
You conjure some foxfire!
The gnoll barely misses you.
The foxfire hits the gnoll but does no damage.
The gnoll is lightly wounded.
As you read the scroll labelled ESKOINN VYSCH, it crumbles to dust.
The creatures around you are filled with an inner flame!
It was a scroll of immolation.
The gnoll hits you with a +0 whip!
You die...

.....# #.#
.....###.###
#........#
.#..#######
...........#
###..#...#.#
#..#.#.#.#....#
#......#.#....#
#.@#v#.#.#....#
#..gg....#....#
#....#.###....##
#...#...g.......
#.)......##..###
#.#......##..#
#.#......##..#
#......##g.#
......##..#


You could see 2 gnolls.

Vanquished Creatures
  A gnoll (D:2)
  An endoplasm (D:2)
  A goblin (D:1)
  A hobgoblin (D:2)
  A kobold (D:1)
  2 quokkas (D:1)
  3 ball pythons (D:1)
  A frilled lizard (D:1)
11 creatures vanquished.

Vanquished Creatures (others)
  43 foxfires
43 creatures vanquished.

Grand Total: 54 creatures vanquished

Notes
Turn   | Place    | Note
-------+----------+-------------------------------------------
     0 | D:1      | Flugkiller the Kobold Fire Elementalist began the quest for
                  | the Orb.
     0 | D:1      | Reached XP level 1. HP: 10/10 MP: 3/3
   243 | D:1      | Found a faded altar of an unknown god.
   453 | D:1      | Reached XP level 2. HP: 15/15 MP: 1/5
  1100 | D:2      | Learned a level 2 spell: Scorch
  1260 | D:2      | Reached XP level 3. HP: 9/19 MP: 0/6
  1279 | D:2      | Mangled by a gnoll

Illustrated notes

Levels and vault maps discovered:
D:1:      lightli_molten_gateway, layout_loops_cross,
          hellmonk_ecumenical_altar_zigzags, minmay_misc_feat_rows,
          minmay_misc_feat_four_crosses
D:2:      minmay_wonky_spiral, layout_basic, chequers_serial_rivers_large_b,
          uniq_natasha

Action                   || total
-------------------------++-------
Melee: Dagger            ||     5
       Unarmed           ||     1
 Cast: Foxfire           ||    26
  Use: Scroll            ||     1
 Stab: Sleeping          ||     1
Dodge: Dodged            ||     9
